Map: 2000 애트모스피어 - 래더

Players

Astrea - Winner!

  • Race: Protoss Protoss

Bunny

  • Race: Terran Terran

Event: IEM Katowice 2022

VOD

Have the link to the VOD?

Description

Time

  • Played on: Feb. 25, 2022, 5:03 a.m.
  • Length: 13:57

All games in this series

Show
View Real Time Build Order
Export as new Build Order

Astrea Protoss - Winner!

Build Orders: 1 Gate Expand, Carriers 

Get SALT Encoding   

  12  0:00  Probe  
  13  0:12  Probe  
  14  0:18  Pylon  
  14  0:24  Probe (Chrono Boost)  
  15  0:36  Probe (Chrono Boost)  
  15  0:38  Gateway  
  16  0:45  Probe (Chrono Boost)  
  16  0:48  Assimilator  
  17  0:51  Probe  
  18  1:03  Probe  
  19  1:15  Probe  
  20  1:25  Cybernetics Core  
  21  1:35  Nexus  
  20  1:42  Zealot (Chrono Boost)  
  22  1:53  Pylon  
  23  2:03  Assimilator  
  23  2:09  Probe  
  23  2:11  Stalker (Chrono Boost)  
  25  2:21  Probe  
  25  2:23  Warp Gate  
  25  2:33  Probe  
  25  2:34  Stalker (Chrono Boost)  
  28  2:45  Shield Battery  
  28  2:47  Probe (Chrono Boost)  
  28  2:48  Probe (Chrono Boost)  
  30  2:56  Twilight Council  
  32  2:59  Probe (Chrono Boost)  
  32  3:02  Probe (Chrono Boost)  
  32  3:04  Probe (Chrono Boost)  
  32  3:09  Probe  
  33  3:15  Robotics Facility  
  33  3:17  Probe  
  34  3:21  Probe  
  35  3:27  Charge (Chrono Boost)  
  35  3:30  Gateway, Probe  
  36  3:35  Probe  
  37  3:47  Gateway  
  37  3:49  Pylon  
  37  3:58  Gateway  
  37  4:01  Warp Prism (Chrono Boost)  
  37  4:06  Probe  
  40  4:12  Pylon  
  40  4:14  Probe  
  41  4:17  Zealot  
  41  4:18  Probe  
  44  4:26  Probe  
  44  4:29  Zealot  
  44  4:30  Observer  
  44  4:31  Probe  
  49  4:41  Stalker, Probe  
  49  4:43  Probe  
  49  4:44  Pylon  
  53  4:53  Probe  
  53  4:55  Probe  
  53  4:57  Nexus  
  55  5:02  Observer  
  56  5:13  Observer  
  54  5:17  Probe x2  
  54  5:20  Pylon  
  52  5:22  Zealot x4  
  52  5:24  Blink (Chrono Boost)  
  52  5:27  Assimilator  
  60  5:30  Probe x2  
  60  5:34  Assimilator  
  62  5:43  Probe  
  62  5:45  Immortal (Chrono Boost), Probe  
  67  5:55  Probe  
  68  5:57  Probe  
  68  6:02  Sentry  
  68  6:03  Shield Battery  
  71  6:05  Zealot x3  
  71  6:06  Pylon  
  77  6:14  Probe  
  82  6:18  Immortal (Chrono Boost)  
  82  6:26  Sentry, Zealot x3, Observer  
  82  6:32  Probe  
  89  6:35  Probe  
  84  6:41  Robotics Bay, Probe  
  84  6:45  Shield Battery  
  84  6:46  Probe  
  81  6:47  Probe  
  81  6:51  Immortal (Chrono Boost)  
  85  6:56  Forge, Probe  
  85  6:58  Probe  
  85  6:59  Probe  
  88  7:09  Stalker  
  88  7:10  Stalker x3  
  88  7:12  Probe x2  
  88  7:14  Probe  
  99  7:19  Pylon  
  99  7:24  Probe  
  99  7:26  Probe  
  99  7:27  Protoss Ground Weapons Level 1 (Chrono Boost)  
  101  7:36  Zealot x2  
  101  7:37  Observer  
  101  7:42  Robotics Facility, Zealot x2  
  101  7:46  Pylon  
  101  7:48  Robotics Facility, Observer  
  101  7:50  Probe x3  
  104  7:51  Assimilator  
  104  7:53  Assimilator  
  104  7:56  Gateway  
  104  7:58  Observer  
  104  8:00  Sentry, Gateway  
  106  8:14  Zealot x2  
  106  8:15  Zealot  
  106  8:17  Pylon  
  110  8:20  Gateway x2  
  110  8:33  Colossus (Chrono Boost)  
  110  8:34  Pylon x2  
  110  8:37  Extended Thermal Lance  
  116  8:41  Pylon  
  116  8:47  Photon Cannon  
  116  8:48  Stargate  
  116  8:49  Pylon  
  116  8:50  Colossus (Chrono Boost)  
  116  8:55  Pylon  
  112  9:18  Disruptor (Chrono Boost)  
  115  9:26  Disruptor (Chrono Boost)  
  118  9:35  Fleet Beacon  
  118  9:36  Stargate  
  118  9:37  Stargate  
  118  9:39  Zealot x2  
  118  9:40  Zealot  
  118  9:43  Disruptor (Chrono Boost)  
  118  9:45  Pylon  
  125  9:46  Protoss Ground Weapons Level 2  
  125  9:47  Protoss Air Weapons Level 1 (Chrono Boost)  
  124  10:02  Photon Cannon  
  127  10:20  Disruptor  
  128  10:25  Zealot x3  
  132  10:29  Carrier (Chrono Boost)  
  132  10:33  Carrier (Chrono Boost)  
  132  10:35  Observer  
  141  10:41  Zealot x5  
  151  10:43  Carrier (Chrono Boost)  
  151  10:47  Pylon  
  151  10:48  Pylon  
  155  11:05  Zealot x5  
  155  11:09  Pylon x2  
  155  11:10  Pylon  
  163  11:20  Pylon  
  163  11:24  Observer  
  163  11:28  Carrier (Chrono Boost)  
  163  11:31  Carrier (Chrono Boost)  
  169  11:38  Zealot x8  
  191  11:46  Carrier (Chrono Boost)  
  197  12:08  Pylon, Observer  
  196  12:30  Warp Prism (Chrono Boost)  
  196  12:32  Carrier (Chrono Boost)  
  196  12:35  Cybernetics Core  
  194  13:11  Zealot x6  
  180  13:33  Zealot x6  
  180  13:34  Zealot x2  
  188  13:54  Stalker x8  
Show
View Real Time Build Order
Export as new Build Order

Bunny Terran 

Build Orders:  

Get SALT Encoding   

  12  0:00  SCV  
  13  0:12  SCV  
  14  0:18  Supply Depot  
  14  0:24  SCV  
  15  0:39  SCV  
  15  0:40  Barracks  
  16  0:45  Refinery  
  16  0:51  SCV  
  16  0:54  Refinery  
  17  1:04  SCV  
  18  1:16  SCV  
  19  1:28  Reaper, Orbital Command  
  19  1:32  Supply Depot  
  20  1:44  Bunker  
  20  1:54  Factory  
  20  1:55  SCV  
  21  2:07  SCV  
  21  2:19  SCV  
  22  2:31  SCV, Command Center  
  23  2:38  Hellion  
  23  2:43  Supply Depot, SCV  
  26  2:50  Barracks Reactor  
  26  2:55  SCV  
  26  2:56  Barracks  
  27  3:04  Factory Tech Lab  
  27  3:08  Barracks  
  27  3:09  SCV  
  28  3:21  SCV  
  28  3:22  Cyclone  
  32  3:27  Marine x2  
  32  3:33  SCV  
  35  3:44  Marine  
  35  3:45  SCV, Marine  
  38  3:52  Barracks Tech Lab  
  38  3:57  SCV  
  38  4:00  Orbital Command  
  38  4:02  Marine x2  
  39  4:03  Stimpack, Marine  
  39  4:08  Engineering Bay  
  39  4:09  SCV  
  43  4:13  Marine  
  43  4:15  Combat Shield  
  44  4:20  Marine  
  44  4:21  SCV, Marine  
  44  4:22  Marine  
  48  4:25  SCV  
  48  4:30  Starport  
  49  4:32  Factory Reactor  
  49  4:34  SCV  
  49  4:37  SCV  
  51  4:40  Bunker  
  51  4:42  Supply Depot  
  51  4:46  Marauder  
  51  4:52  Marine  
  54  5:02  Supply Depot  
  54  5:04  SCV x2, Marine, Marauder  
  59  5:07  Supply Depot  
  59  5:13  Marine x2  
  58  5:16  SCV x2  
  60  5:22  Marine  
  60  5:23  Factory Reactor  
  60  5:24  Medivac x2  
  60  5:25  Marine  
  64  5:28  SCV x2  
  64  5:30  Refinery  
  64  5:31  Marine  
  64  5:33  Marauder  
  64  5:34  Concussive Shells  
  69  5:38  Supply Depot  
  69  5:43  Supply Depot, SCV x2  
  71  5:50  Marine  
  71  5:51  Marine  
  71  5:54  Marine, Medivac x2  
  78  5:59  Marine  
  78  6:00  SCV x2  
  78  6:01  Supply Depot  
  78  6:03  Widow Mine  
  83  6:06  Widow Mine  
  83  6:08  Marine  
  83  6:09  Marine  
  84  6:19  Marauder x2  
  87  6:25  Marine  
  87  6:26  Widow Mine  
  87  6:27  Widow Mine, Marine  
  87  6:34  SCV x2  
  79  6:40  Marauder x2  
  79  6:43  Marine  
  82  6:48  SCV  
  82  6:50  SCV  
  84  7:01  Command Center  
  84  7:08  Terran Infantry Weapons Level 1  
  84  7:09  SCV x2  
  84  7:12  Supply Depot  
  84  7:15  Marauder x2  
  90  7:16  Marine  
  90  7:18  Marine  
  91  7:32  Barracks  
  91  7:33  Widow Mine x2, Barracks  
  91  7:38  Marauder  
  91  7:39  Refinery, Marine  
  91  7:40  Supply Depot  
  90  7:47  SCV x2  
  90  7:48  Medivac  
  94  7:54  Widow Mine x2  
  94  7:55  Marauder  
  100  7:59  Supply Depot  
  100  8:01  Medivac  
  100  8:02  Supply Depot  
  100  8:04  SCV x2  
  104  8:12  Ghost Academy, Armory  
  104  8:21  SCV x2  
  104  8:25  Marauder  
  104  8:26  Barracks Reactor, Barracks Tech Lab, Marauder  
  110  8:29  Marine x2  
  110  8:33  SCV  
  110  8:34  SCV  
  114  8:38  Orbital Command  
  114  8:46  SCV x2  
  116  8:51  Supply Depot  
  116  8:57  Ghost x2  
  116  8:58  Ghost  
  119  9:03  Marine x2  
  119  9:06  SCV x3  
  119  9:08  Refinery x2  
  119  9:09  Supply Depot, Marine x2  
  125  9:12  Terran Infantry Armor Level 1  
  126  9:19  SCV x2  
  126  9:20  SCV  
  126  9:21  Marine  
  130  9:25  Supply Depot, Ghost  
  130  9:27  Viking x2  
  134  9:31  Ghost  
  134  9:38  SCV x3  
  139  9:39  Ghost  
  139  9:40  Supply Depot  
  141  9:49  Command Center  
  141  9:52  Missile Turret  
  141  9:53  Marine x4  
  141  9:56  Ghost  
  145  10:03  Enhanced Shockwaves  
  145  10:05  Missile Turret  
  147  10:07  Marauder  
  147  10:09  Marauder  
  147  10:11  Marine x2  
  147  10:13  Viking  
  153  10:18  Viking  
  155  10:23  Supply Depot  
  155  10:29  Marauder x2  
  155  10:30  Marauder  
  155  10:32  Marine x4  
  165  10:36  Engineering Bay  
  165  10:43  Viking  
  165  10:48  Viking  
  169  10:50  Missile Turret, SCV x2  
  169  10:51  SCV, Missile Turret  
  169  10:55  Ghost  
  174  10:59  Ghost  
  176  11:05  Marine x2  
  178  11:13  Medivac  
  178  11:16  Terran Infantry Weapons Level 2  
  180  11:18  Medivac  
  180  11:19  Barracks  
  180  11:22  Barracks  
  182  11:27  Planetary Fortress  
  182  11:28  Barracks  
  171  11:35  Ghost  
  171  11:36  Ghost  
  171  11:39  Ghost  
  177  11:44  Marine x4  
  181  11:50  Liberator  
  181  11:53  SCV x3  
  187  11:54  Refinery  
  187  11:55  Refinery  
  187  11:59  Liberator  
  190  12:13  Barracks Reactor, Barracks Tech Lab  
  190  12:19  Command Center  
  190  12:22  Command Center  
  189  12:31  Starport  
  189  12:33  Starport, Viking  
  191  12:42  Viking  
  189  13:03  Viking  
  184  13:08  Marauder  
  184  13:09  Marauder, Marine x2  
  184  13:10  Marine x2  
  184  13:12  Viking  
  176  13:25  Viking x2  
  176  13:26  Missile Turret  
  166  13:27  Missile Turret x2  

Tags
 
Add a new tag
Caveats
  • Supply blocks, unpowered buildings, or Contaminate may cause inaccurate times.
  • Supply counts are checked every 10 seconds.